 Dungeon Crawl Stone Soup version 0.29-a0-1-gf2d273c862 (webtiles) character file.

Game seed: 6632414728288329195

1278 Ijustatesigmund the Skirmisher (level 8, -7/79 HPs)
             Began as a Gargoyle Fighter on Jan 26, 2022.
             Was a Follower of the Shining One.
             Mangled by a wyvern (8 damage)
             ... on level 6 of the Dungeon.
             The game lasted 00:10:03 (8121 turns).

Ijustatesigmund the Skirmisher (Gargoyle Fighter)   Turns: 8121, Time: 00:10:03

Health: -7/79      AC: 24    Str: 21    XL:     8   Next: 54%
Magic:  10/10      EV:  2    Int: 10    God:    the Shining One [*.....]
Gold:   341        SH:  4    Dex:  9    Spells: 7/7 levels left

rFire   . . .      SeeInvis .   a - +0 flail
rCold   . . .      Faith    .   c - +0 buckler
rNeg    + . .      Spirit   .   (armour currently unavailable)
rPois   ∞          Reflect  .   (helmet currently unavailable)
rElec   .          Harm     .   (cloak currently unavailable)
rCorr   .          Rampage  .   (gloves currently unavailable)
Will    .....      NoTele   +   (boots currently unavailable)
Stlth   +.........              (no amulet)
HPRegen 0.23/turn               f - ring of flight
MPRegen 0.12/turn               (no ring)

@: mighty, tree-form, glowing
A: stationary, stasis, torment immunity, boosted hp, sickness immunity, AC +5,
negative energy resistance 1, (electricity resistance), torment resistance 1,
petrification resistance, (horns 1), (iridescent scales 1), (deformed body),
evolution 1
a: Renounce Religion, Divine Shield


You were on level 6 of the Dungeon.
You worshipped the Shining One.
The Shining One was aware of your devotion.
You were a tree.
You visited 2 branches of the dungeon, and saw 7 of its levels.
You also visited: Sewer.

You collected 341 gold pieces.

Inventory:

Hand Weapons
 a - a +0 flail (weapon)
Armour
 b - a +0 chain mail (melded)
 c - a +0 buckler (worn)
 e - a +0 helmet
Jewellery
 f - a ring of flight (left branch)
Wands
 d - a wand of flame (21)
 i - a wand of digging (7)
 k - a wand of paralysis (3)
 l - a wand of mindburst (17)
 m - a wand of acid (7)
Scrolls
 g - 2 scrolls of immolation
 h - 3 scrolls of amnesia
Potions
 n - a potion of resistance
 r - a potion of ambrosia
 s - a potion of curing


   Skills:
 + Level 7.3 Fighting
 + Level 6.2 Maces & Flails
 + Level 5.9 Armour
 - Level 3.2 Shields
 + Level 3.0 Invocations


You had 7 spell levels left.
You didn't know any spells.
Your spell library contained the following spells:

 Spells                   Type           Power      Damage    Failure   Level
 Animate Skeleton         Necr           0%         N/A       45%         1
 Magic Dart               Conj           0%         1d3       45%         1
 Call Imp                 Summ           0%         N/A       58%         2
 Corpse Rot               Necr/Air       0%         N/A       58%         2
 Poisonous Vapours        Pois/Air       0%         N/A       58%         2
 Inner Flame              Hex/Fire       0%         N/A       83%         3
 Mephitic Cloud           Conj/Pois/Air  0%         N/A       83%         3
 Cause Fear               Hex            0%         N/A       99%         4
 Discord                  Hex            0%         N/A       100%        8


Dungeon Overview and Level Annotations

Branches:
Dungeon (6/15)             Temple (1/1) D:5           Sewer (visited)

Altars:
Ashenzari
Cheibriados
Dithmenos
Elyvilon
Fedhas
Gozag
Hepliaklqana
Kikubaaqudgha
Nemelex Xobeh
Okawaru
Qazlal
Ru
Sif Muna
Trog
Uskayaw
Vehumet
The Shining One


Innate Abilities, Weirdness & Mutations

You are a tree.
Your roots penetrate the ground, keeping you stationary.
You cannot be teleported.
You are immune to unholy pain and torment.
Your maximum health is greatly increased.
Your equipment is partially melded.
You are immune to sickness and miasma.
((Your stone body is resilient. (AC +5)))
You are immune to poison.
You resist negative energy. (rN+)
((You are resistant to electric shocks. (rElec)))
You are resistant to unholy torment.
You are immune to petrification.
((You have a pair of small horns on your head.))
((You are partially covered in iridescent scales. (AC +2)))
((Armour fits poorly on your strangely shaped body.))
You have hidden genetic potential.


Message History

You are too injured to fight recklessly!
You are too injured to fight recklessly!
You are too injured to fight recklessly!
You are too injured to fight recklessly!
You are too injured to fight recklessly!
You are too injured to fight recklessly!
You are too injured to fight recklessly!
Okay, then.
You feel very mighty all of a sudden.
The shadow imp shouts, "Get thee hence, thou unctious hedge-born coxcomb!"
The wyvern bites you but does no damage.
An orc comes into view. It is wielding a +0 club.
Really quaff the potion of lignification?
You turn into a tree.
Your +0 chain mail melds into your body.
Your roots penetrate the ground.
The orc shouts!
The wyvern bites you. The ogre hits you with a +0 giant club.
The wyvern bites you but does no damage.
You sock the ogre!
The ogre is moderately wounded.
The wyvern bites you. You block the ogre's attack.
You thump the ogre!
The ogre is almost dead.
The wyvern bites you but does no damage.
The wyvern bites you.
* * * LOW HITPOINT WARNING * * *
The ogre hits you with a +0 giant club!
* * * LOW HITPOINT WARNING * * *
You bludgeon the ogre!!
You kill the ogre!
The wyvern bites you.
* * * LOW HITPOINT WARNING * * *
The wyvern bites you.
* * * LOW HITPOINT WARNING * * *
Your Invocations skill increases to level 3!
You barely miss the wyvern.
The wyvern is moderately wounded.
The wyvern bites you!
You die...

############≈≈.......#
#...#..............#.#
#..................#.# .
.........#.....<......
#.#..>.........#######..
#...##..####............
..[.....................
.............#####...#..
#.o.5♣.....# #.#....
......l####### #.####.
##..... #.##### #.##..
#...# # # #.# ###.# # #.
#.# #. #.# # #. #.###
#..#.


You could see a wyvern, a shadow imp and an orc.

Vanquished Creatures
  Eustachio (D:4)
  2 sky beasts
  An ogre (D:6)
  A scorpion (D:5)
  A wyvern skeleton (D:5)
  2 howler monkeys
  A hound (D:5)
  A jelly (D:4)
  An orc priest (D:4)
  2 centaur skeletons
  A bullfrog skeleton (D:6)
  An iguana (D:5)
  3 orc wizards (D:4)
  Ijyb (D:5)
  Natasha (thrice) (D:3)
  A hell rat (Sewer)
  Robin (D:3)
  4 gnolls
  2 river rats
  12 adders
  An ufetubus (D:5)
  An adder skeleton (D:2)
  10 worms
  5 orcs
  4 ball pythons
  4 endoplasms
  2 giant cockroaches
  12 goblins
  9 hobgoblins
  2 kobolds
  5 quokkas
  5 bats
  3 frilled lizards
  10 rats
115 creatures vanquished.

Vanquished Creatures (others)
  2 plants (D:3)
2 creatures vanquished.

Grand Total: 117 creatures vanquished

Notes
Turn   | Place    | Note
-------+----------+-------------------------------------------
     0 | D:1      | Ijustatesigmund the Gargoyle Fighter began the quest for
                  | the Orb.
     0 | D:1      | Reached XP level 1. HP: 14/14 MP: 1/1
   481 | D:1      | Reached XP level 2. HP: 19/19 MP: 2/2
  1002 | D:1      | Found a faded altar of an unknown god.
  1293 | D:2      | Reached skill level 4 in Fighting
  1293 | D:2      | Reached XP level 3. HP: 6/24 MP: 3/3
  1987 | D:2      | Reached XP level 4. HP: 16/30 MP: 4/4
  2785 | D:3      | Found a sacrificial altar of Ru.
  2833 | D:3      | Noticed Natasha
  3560 | D:3      | Found a blossoming altar of Fedhas.
  3651 | D:3      | Killed Natasha
  3668 | D:3      | Noticed Natasha
  3670 | D:3      | HP: 1/30 [Natasha/magic dart (3)]
  3677 | D:3      | Noticed Robin
  3978 | D:3      | Killed Natasha
  3979 | D:3      | Reached skill level 5 in Fighting
  3979 | D:3      | Reached XP level 5. HP: 31/35 MP: 5/5
  4178 | D:3      | Noticed Natasha
  4193 | D:3      | Killed Natasha
  4199 | D:3      | Killed Robin
  4918 | D:4      | Noticed a sky beast
  4926 | D:4      | Reached XP level 6. HP: 12/40 MP: 6/6
  4927 | D:4      | Gained mutation: Armour fits poorly on your strangely
                  | shaped body. [potion of mutation]
  4927 | D:4      | Gained mutation: You are partially covered in iridescent
                  | scales. (AC +2) [potion of mutation]
  4927 | D:4      | Gained mutation: You have hidden genetic potential. [potion
                  | of mutation]
  5287 | D:4      | Killed a sky beast
  6006 | D:3      | Reached skill level 6 in Fighting
  6138 | D:4      | Reached skill level 5 in Maces & Flails
  6148 | D:4      | Reached XP level 7. HP: 39/46 MP: 7/7
  6273 | D:4      | Gained mutation: You have a pair of small horns on your
                  | head. [hidden potential]
  6290 | D:4      | Found a shimmering blue altar of Sif Muna.
  6394 | D:4      | Got Sif Muna's Volume of Sinister Magic
  6396 | D:5      | Entered Level 5 of the Dungeon
  6460 | D:5      | Noticed Ijyb
  6475 | D:5      | Killed Ijyb
  6532 | D:5      | Found a staircase to the Ecumenical Temple.
  6539 | Temple   | Entered the Ecumenical Temple
  6610 | Temple   | Became a worshipper of the Shining One
  6852 | D:4      | Found a snail-covered altar of Cheibriados.
  6949 | D:4      | Noticed Eustachio
  6953 | D:4      | Killed Eustachio
  6954 | D:4      | Reached skill level 5 in Armour
  6954 | D:4      | Reached skill level 1 in Invocations
  7178 | D:5      | Reached XP level 8. HP: 45/52 MP: 9/9
  7388 | D:5      | Reached skill level 7 in Fighting
  7572 | D:5      | Found a hide-covered altar of Uskayaw.
  7575 | D:5      | Found an ancient bone altar of Kikubaaqudgha.
  7578 | D:5      | Found a stormy altar of Qazlal.
  7779 | D:6      | Found a glowing drain.
  7787 | Sewer    | Entered a sewer
  7978 | D:6      | Reached * piety under the Shining One
  8113 | D:6      | Noticed a wyvern
  8120 | D:6      | HP: 1/79 [wyvern (6)]
  8121 | D:6      | Mangled by a wyvern

Illustrated notes

Levels and vault maps discovered:
D:1:      psy_arrival_radial02, layout_basic,
          shapermc_ecumenical_altar_notcrosses, minmay_vboxes
D:2:      layout_loops_ring
D:3:      layout_basic, lemuel_tele_altar, fedhas_ov_isle_minmay, uniq_robin,
          uniq_natasha
D:4:      layout_gridville, led_sif_book, mainiacjoe_overflow_brackets,
          uniq_eustachio
D:5:      layout_rooms, grunt_temple_overflow_diamond, minmay_temple_entry_hall,
          uniq_ijyb
D:6:      layout_rooms, lightli_sewer_entry_pipes
Temple:   eino_wide_crystal_templ

Skill      XL: |  1  2  3  4  5  6  7  8 |
---------------+-------------------------+-----
Fighting       | 4 5 6 7 |  7.3
Maces & Flails | 3 4 5 6 |  6.2
Armour         | 4 5 |  5.9
Invocations    | 1 3 |  3.0
Shields        | |  3.2

Action                   |  1- 3 |  4- 6 |  7- 9 || total
-------------------------+-------+-------+-------++-------
Melee: Flail             |   128 |   246 |   162 ||   536
       Headbutt          |       |       |    33 ||    33
Evoke: Wand              |       |       |     6 ||     6
  Use: Scroll            |     1 |     5 |     5 ||    11
       Potion            |       |     5 |     2 ||     7
 Stab: Paralysed         |       |       |     7 ||     7
Armor: Scale mail        |    76 |   166 |    38 ||   280
       Chain mail        |       |       |    51 ||    51
       Skin              |       |       |     2 ||     2
Dodge: Dodged            |    67 |   107 |    50 ||   224
Block: Buckler           |    21 |    52 |    34 ||   107

Table legend: (Time is in decaauts)
 A = Elapsed time spent in this place.
 B = Non-inter-level travel time spent in this place.
 C = Inter-level travel time spent in this place.
 D = Time resting spent in this place.
 E = Time spent auto-exploring this place.
 F = Levels seen in this place.
 G = Mean time per level.
                   A        B        C        D        E       F      G
               +--------+--------+--------+--------+--------+-----+--------+
         Total |   8243 |   8054 |    189 |   2664 |   4113 |   8 | 1030.4 |
       Dungeon |   7980 |   7819 |    161 |   2621 |   3962 |   6 | 1330.0 |
        Temple |     78 |     51 |     27 |      0 |     44 |   1 |   78.0 |
         Sewer |    183 |    183 |      0 |     43 |    107 |   1 |  183.0 |
               +--------+--------+--------+--------+--------+-----+--------+

Top non-repeatable levels by time:
     D:3: 2916 daAuts
     D:1: 1508 daAuts
     D:4: 1319 daAuts
     D:2: 1236 daAuts
     D:5: 780 daAuts
     D:6: 220 daAuts
   Sewer: 183 daAuts
  Temple: 78 daAuts
